Map: Blackpink LE

Players

Ryung

  • Race: Terran Terran
  • Spawn Location: 7:00

Classic - Winner!

  • Race: Protoss Protoss
  • Spawn Location: 1:00

Event: IEM Season 12 - Katowice

VOD

Have the link to the VOD?

Description

Time

  • Played on: March 2, 2018, 3:56 p.m.
  • Length: 10:49

All games in this series

Show
View Real Time Build Order
Export as new Build Order

Ryung Terran 

Build Orders: Gas First Reaper Expand, Liberator Opening, Reaper Expand, MMM Bio 

Get SALT Encoding   

  12  0:00  SCV  
  13  0:13  SCV  
  14  0:17  Supply Depot  
  14  0:25  SCV  
  14  0:28  Refinery  
  15  0:39  SCV  
  16  0:44  Barracks  
  16  0:51  SCV  
  17  1:03  SCV  
  18  1:15  SCV  
  19  1:30  Orbital Command  
  19  1:31  Reaper  
  20  1:48  Command Center  
  20  1:55  Factory  
  20  1:59  SCV  
  21  2:05  Barracks Reactor  
  21  2:11  SCV  
  21  2:13  Supply Depot  
  22  2:20  Refinery  
  22  2:23  SCV  
  23  2:35  SCV  
  24  2:43  Marine x2, Starport  
  26  2:48  SCV  
  26  2:49  Widow Mine  
  29  3:00  Orbital Command  
  29  3:01  SCV  
  29  3:03  Marine x2  
  32  3:10  Widow Mine  
  34  3:15  SCV  
  35  3:20  Marine, Medivac  
  35  3:21  Marine  
  35  3:26  SCV  
  40  3:27  SCV  
  40  3:30  Supply Depot  
  40  3:32  Factory Tech Lab  
  41  3:38  Marine x2  
  41  3:39  SCV x2  
  45  3:53  Supply Depot  
  45  3:56  Siege Tank  
  45  3:57  SCV x2, Liberator  
  45  3:58  Marine x2  
  45  4:01  Supply Depot  
  52  4:12  SCV  
  52  4:13  SCV  
  57  4:19  Engineering Bay  
  57  4:20  Marine  
  58  4:35  SCV x2  
  58  4:37  Marine  
  58  4:38  Marine  
  59  4:45  Siege Tank  
  54  4:53  SCV x2  
  54  4:55  Marine  
  54  4:56  Marine  
  57  5:05  SCV x2  
  59  5:10  Missile Turret x2  
  59  5:17  SCV x2  
  61  5:27  Marine  
  61  5:28  Stimpack  
  62  5:29  SCV x2  
  62  5:30  Barracks  
  62  5:33  Barracks  
  62  5:34  Terran Infantry Weapons Level 1  
  64  5:38  Refinery  
  64  5:39  Refinery  
  64  5:41  SCV x2  
  65  5:45  Marine  
  65  5:46  Factory Reactor  
  65  5:47  Starport Reactor  
  66  5:51  Supply Depot  
  66  5:53  SCV x2  
  68  6:05  SCV x2  
  68  6:07  Marine  
  68  6:15  Barracks  
  68  6:16  Barracks  
  68  6:17  SCV x2  
  69  6:20  Barracks Tech Lab  
  69  6:25  Supply Depot  
  69  6:29  SCV  
  69  6:30  SCV  
  69  6:32  Marine x2  
  72  6:33  Marauder  
  72  6:38  Bunker  
  71  6:42  SCV x2  
  71  6:46  Marauder  
  69  6:50  Marine x2  
  69  6:52  Widow Mine x2, Medivac x2  
  69  6:53  Combat Shields  
  69  6:54  SCV x2, Marauder  
  77  7:04  Supply Depot  
  77  7:05  Barracks Reactor, Barracks Tech Lab  
  77  7:06  Supply Depot, SCV x2  
  79  7:10  Marine x2  
  79  7:14  Widow Mine  
  79  7:15  Widow Mine  
  85  7:24  Marauder x2  
  85  7:25  Marauder  
  91  7:35  Medivac x2  
  95  7:37  Marine x2  
  95  7:39  Widow Mine x2  
  95  7:42  Concussive Shells  
  95  7:43  Supply Depot, Marine x2  
  95  7:44  Supply Depot  
  103  7:46  Supply Depot, Marauder  
  103  7:47  Marauder  
  107  7:54  Terran Infantry Armor Level 1  
  107  7:56  Marine x2  
  109  8:03  Supply Depot  
  109  8:05  Marauder  
  111  8:07  Widow Mine x2  
  111  8:10  Marine x2  
  111  8:11  Marauder x2  
  121  8:21  Marine x2  
  123  8:32  Marine x2  
  123  8:34  Command Center  
  125  8:37  Medivac x2  
  128  8:43  Marine x2, Ghost Academy  
  128  8:45  Marine  
  128  8:47  Marine  
  132  8:51  Marine x2  
  132  8:52  Marine  
  135  9:06  Marine x2  
  135  9:08  Widow Mine x2  
  137  9:14  Ghost x3  
  137  9:15  Marine  
  137  9:16  Marine  
  139  9:28  Marine x2  
  141  9:32  Supply Depot  
  141  9:35  Marine  
  142  9:41  Marine  
  141  9:49  Marine x2  
  141  9:50  Marauder x3  
  145  10:11  Marine x4  
  145  10:14  Marine x3  
  69  10:29  Marine x4  
Show
View Real Time Build Order
Export as new Build Order

Classic Protoss - Winner!

Build Orders: 1 Gate Expand, Oracle Opening, Zealot Archon 

Get SALT Encoding   

  12  0:00  Probe  
  13  0:12  Probe  
  14  0:17  Pylon  
  14  0:24  Probe (Chrono Boost)  
  15  0:36  Probe (Chrono Boost)  
  15  0:38  Gateway  
  16  0:45  Probe (Chrono Boost), Assimilator  
  17  0:51  Probe  
  18  1:03  Probe  
  19  1:15  Probe  
  20  1:22  Nexus  
  20  1:32  Cybernetics Core  
  20  1:35  Probe  
  21  1:41  Assimilator  
  21  1:47  Probe  
  21  1:51  Pylon  
  22  2:00  Probe  
  23  2:06  Stalker (Chrono Boost)  
  23  2:12  Probe  
  26  2:16  Stargate  
  26  2:24  Probe (Chrono Boost)  
  26  2:27  Warp Gate  
  27  2:35  Probe (Chrono Boost)  
  27  2:36  Probe (Chrono Boost)  
  29  2:37  Stalker  
  33  2:44  Probe (Chrono Boost)  
  33  2:45  Probe (Chrono Boost)  
  33  2:49  Probe (Chrono Boost)  
  33  2:50  Probe  
  35  3:00  Oracle (Chrono Boost)  
  35  3:01  Probe  
  35  3:02  Probe  
  40  3:09  Pylon  
  40  3:10  Zealot  
  42  3:13  Probe  
  42  3:14  Probe  
  44  3:26  Probe  
  45  3:27  Probe, Oracle (Chrono Boost)  
  49  3:34  Gateway  
  49  3:36  Gateway  
  49  3:41  Pylon  
  49  3:43  Probe x2  
  49  3:47  Assimilator  
  51  3:50  Stalker  
  51  3:55  Probe  
  54  3:59  Probe  
  55  4:07  Probe  
  56  4:10  Nexus  
  56  4:11  Probe  
  56  4:13  Pylon  
  57  4:24  Assimilator  
  57  4:26  Phoenix  
  57  4:28  Stalker  
  61  4:36  Stalker  
  58  4:47  Probe x2  
  58  4:51  Phoenix  
  62  5:00  Probe x2  
  62  5:04  Twilight Council  
  62  5:05  Forge  
  64  5:12  Pylon  
  64  5:16  Stalker x3  
  70  5:24  Probe x2  
  70  5:25  Probe  
  70  5:27  Oracle (Chrono Boost)  
  76  5:36  Probe x2  
  76  5:40  Probe  
  79  5:42  Adept  
  79  5:43  Adept x2  
  85  5:54  Pylon  
  82  5:57  Phoenix  
  84  6:05  Charge (Chrono Boost)  
  84  6:06  Probe x3  
  84  6:11  Adept x3  
  93  6:23  Probe  
  93  6:24  Probe x2  
  96  6:36  Probe x3  
  99  6:43  Protoss Ground Armor Level 1 (Chrono Boost)  
  96  6:49  Sentry  
  96  6:51  Gateway x2  
  96  6:52  Gateway  
  96  6:54  Pylon  
  98  6:55  Probe x3  
  98  6:56  Gateway  
  98  6:57  Gateway  
  101  7:05  Templar Archives  
  101  7:12  Probe x3  
  104  7:15  Pylon x2  
  104  7:20  Assimilator  
  104  7:22  Zealot x2  
  108  7:24  Pylon  
  108  7:32  Phoenix  
  108  7:36  Probe x3  
  111  7:43  Zealot, High Templar x2  
  117  7:45  Pylon  
  117  7:46  Pylon  
  117  7:47  Archon  
  117  7:48  Pylon  
  117  7:49  Zealot x2  
  121  7:51  Gateway  
  121  7:52  Assimilator  
  121  7:57  Pylon, Phoenix  
  121  7:58  Zealot  
  125  8:05  Zealot x3  
  125  8:07  Probe  
  125  8:10  Zealot  
  125  8:11  Zealot  
  125  8:12  Protoss Ground Armor Level 2 (Chrono Boost)  
  136  8:17  Pylon  
  136  8:22  Phoenix (Chrono Boost)  
  136  8:23  Robotics Facility  
  138  8:37  High Templar x2  
  138  8:38  Zealot x5  
  152  8:42  Zealot, Archon  
  152  8:45  Phoenix (Chrono Boost)  
  156  8:57  Zealot  
  156  8:58  Zealot x4  
  162  9:17  Probe x2  
  162  9:20  Warp Prism (Chrono Boost), High Templar  
  162  9:21  High Templar x3  
  173  9:25  Pylon, Archon x2  
  173  9:26  Pylon  
  173  9:28  Nexus  
  173  9:35  Pylon  
  173  9:37  Pylon  
  173  9:42  Phoenix  
  175  9:50  Zealot x3, Observer, High Templar x2  
  186  9:55  Archon  
  186  9:56  Zealot x2  
  186  9:58  Zealot  
  190  10:11  Zealot  
  190  10:12  Zealot x3  
  172  10:18  Zealot x2  
  172  10:21  Zealot  
  150  10:22  Zealot  
  150  10:26  Zealot  
  136  10:45  Zealot x8  
  136  10:49  Zealot  

Tags
 
Add a new tag
Caveats
  • Supply blocks, unpowered buildings, or Contaminate may cause inaccurate times.
  • Supply counts are checked every 10 seconds.